Cogmind - Beta 17 *** ADVENTURER MODE // 2026.08.05 @ 01:23:06 Player: Limbermonkey Result: Destroyed by Y-45 Defender with Beam Rifle Performance ------------- Evolutions (2) 1000 Regions Visited (4) 800 Robots Destroyed (4) 20 Value Destroyed (77) 77 Prototype IDs (0) 0 Alien Tech Used (0) 0 Bonus (0) 0 TOTAL SCORE: 1897 Bonus ------- None Cogmind --------- Core Integrity 0/550 Matter 33/300 Energy 98/100 System Corruption 0% Temperature Cool (9) Movement Core (50) Location -8/Storage Parts ------- > --- POWER (1) -------- (None) > --- PROPULSION (3) --- (None) > --- UTILITY (5) ------ Advanced Targeting Computer Hacking Suite > --- WEAPON (2) ------- Improved Datajack > --- INVENTORY (5) ---- Titanium Leg Cryofiber Web High-capacity Storage Unit Drone Bay (1/2) Mini Grenade Launcher Peak State ------------ > --- POWER ------------ Improved Deuterium Engine > --- PROPULSION ------- Flight Unit Flight Unit > --- UTILITY ---------- Medium Battery Reaction Control System > --- WEAPON ----------- Small Laser Light Assault Rifle > --- INVENTORY -------- Light Ion Engine Compact Wheel Compact Wheel High-capacity Storage Unit Light Assault Rifle [Rating: 12] Favorites ----------- Power Light Ion Engine Engine Light Ion Engine Propulsion Flight Unit Leg Aluminum Leg Wheel Compact Wheel Flight Unit Flight Unit Utility Medium Battery Device Reaction Control System Storage Medium Battery Processor Advanced Targeting Computer Hackware Hacking Suite Weapon Small Laser Energy Gun Small Laser Energy Cannon Beam Cannon Ballistic Gun Light Assault Rifle Special Melee Weapon Improved Datajack Build | -11 -10 -10 -8 -8 ------- Run | Yrd Mat Sub Mat Sto Slots Evolved 4 | . . . 4 . Power . | . . . . . Propulsion 1 | . . . 1 . Utility 3 | . . . 3 . Weapon . | . . . . . Parts Attached 20 | . 9 . 3 8 Power 2 | . 1 . 1 . Engine 2 | . 1 . 1 . Core . | . . . . . Reactor . | . . . . . Propulsion 5 | . 4 . . 1 Treads . | . . . . . Leg 1 | . . . . 1 Wheel 2 | . 2 . . . Hover . | . . . . . Flight 2 | . 2 . . . Utility 8 | . 2 . 2 4 Device 3 | . . . 2 1 Storage 3 | . 2 . . 1 Processor 1 | . . . . 1 Hackware 1 | . . . . 1 Protection . | . . . . . Artifact . | . . . . . Weapon 5 | . 2 . . 3 Energy Gun 2 | . 1 . . 1 Energy Cannon 1 | . . . . 1 Ballistic Gun 1 | . 1 . . . Ballistic Cannon . | . . . . . Launcher . | . . . . . Special Weapon . | . . . . . Impact Weapon . | . . . . . Slashing Weapon . | . . . . . Piercing Weapon . | . . . . . Special Melee Weapon 1 | . . . . 1 Unidentified Prototypes . | . . . . . Parts Lost 13 | . . . 1 12 Power 2 | . . . . 2 Propulsion 4 | . . . 1 3 Utility 3 | . . . . 3 Weapon 4 | . . . . 4 Highest Loss Streak 6 | . . . 1 6 To Critical Strikes . | . . . . . Average Backups 4 | 2 4 5 4 4 Power . | . 1 1 1 . Propulsion . | 1 1 2 1 . Utility 1 | . . 1 1 2 Weapon . | 1 1 1 1 . Tool/Special . | . . . . . Unused Backups 4 | . . . 1 3 Power 1 | . . . 1 . Propulsion 1 | . . . . 1 Utility . | . . . . . Weapon 2 | . . . . 2 Tool/Special . | . . . . . Average Slot Usage (%) 52 | . 64 85 61 35 Engine 6 | . 6 14 9 4 Wheel 5 | . 13 . . 3 Flight 10 | . 13 28 17 3 Device 2 | . . . 8 1 Storage 9 | . 13 14 9 7 Processor 1 | . . . . 3 Energy Gun 7 | . 9 14 9 3 Ballistic Gun 7 | . 9 14 9 3 Peak Build Rating 12 | . 6 6 12 12 Average Rating 6 | . 4 6 9 6 On Entrance 4 | . . 6 6 9 Avg Prop Armor Cover (%) 4 | . . . . 4 Naked Turns 3 | . 3 . . . Heaviest Build 42 | . 42 7 8 20 Greatest Support 32 | 3 32 8 8 16 Greatest Overweight (x) 6 | . 1 . 1 6 Average Overweight (x) . | . . . . . Largest Inventory Capacity 20 | 5 20 5 5 5 Average Capacity 6 | 5 12 5 5 5 Most Carried 5 | 5 5 5 5 5 Average Carried 4 | 3 4 5 4 4 Final Capacity 5 | 5 5 5 5 5 Final Carried 5 | 5 5 5 5 5 Class Distribution -------------------- 93% | Mutant 6% | Hacker-Mutant Dominant Class ---------------- Mutant | -10/Materials Mutant | -10/Subcaves Mutant | -8/Materials Mutant | -8/Storage Resources | -11 -10 -10 -8 -8 ----------- Run | Yrd Mat Sub Mat Sto Matter Collected 86 | 40 . . . 46 Remotely . | . . . . . Salvage Created 92 | . 41 . . 51 Parts 11 | . 8 . . 3 Haulers Intercepted . | . . . . . Recyclers Shooed . | . . . . . Parts Field Recycled . | . . . . . Retrieved Matter . | . . . . . Parts Self-Destructed . | . . . . . Prevented . | . . . . . Parts Restored . | . . . . . Kills | -11 -10 -10 -8 -8 ------- Run | Yrd Mat Sub Mat Sto Combat Hostiles Destroyed 4 | . 3 . . 1 Guns 3 | . 3 . . . Cannons 1 | . . . . 1 Classes Destroyed 2 | . 1 . . 1 Swarmer 3 | . 3 . . . Grunt 1 | . . . . 1 Best Kill Streak 3 | . 3 . . 1 Combat Bots Only 3 | . 3 . . 1 Max Kills in Single Turn 1 | . 1 . . 1 Gunslinging . | . . . . . Exploded . | . . . . . Melee . | . . . . . Uniques/NPCs Destroyed . | . . . . . Combat | -11 -10 -10 -8 -8 -------- Run | Yrd Mat Sub Mat Sto Hostile Shots Fired 143 | . 21 6 9 107 Missed 37 | . 6 2 2 27 Hits 106 | . 15 4 7 80 Projectile 106 | . 15 4 7 80 Critical Strikes 2 | . . . . 2 Damage Taken 1233 | . 93 41 86 1013 Core 596 | . 15 29 24 528 Absorbed by Shields . | . . . . . Ignored by Resistances 344 | . 30 12 25 277 Core Remaining (%) 91 | 100 . 82 . . Volleys Fired 13 | . 3 . . 10 Largest 2 | . 2 . . 1 Hottest 60 | . 60 . . 60 Shots Fired 16 | . 6 . . 10 Gun 10 | . 6 . . 4 Cannon 6 | . . . . 6 Launcher . | . . . . . Special . | . . . . . Kinetic 3 | . 3 . . . Thermal 13 | . 3 . . 10 Explosive . | . . . . . Electromagnetic . | . . . . . Robot Hit Streak 14 | . 4 . . 14 Robot Miss Streak . | . . . . . Penetration Max . | . . . . . Secondary Targets . | . . . . . Shots Hit Robots 14 | . 4 . . 10 Core Hits 10 | . 3 . . 7 Critical Kills . | . . . . . Critical Parts Destroyed . | . . . . . Critical Strikes . | . . . . . Melee Attacks . | . . . . . Impact . | . . . . . Slashing . | . . . . . Piercing . | . . . . . Sneak Attacks . | . . . . . Combat Hostiles . | . . . . . Follow-up Attacks . | . . . . . Damage Inflicted 206 | . 39 . . 167 Guns 86 | . 39 . . 47 Cannons 105 | . . . . 105 Explosions . | . . . . . Melee . | . . . . . Ramming 15 | . . . . 15 Kinetic 9 | . 9 . . . Thermal 182 | . 30 . . 152 Explosive . | . . . . . Electromagnetic . | . . . . . Impact . | . . . . . Slashing . | . . . . . Piercing . | . . . . . Highest Corruption . | . . . . . Average Corruption . | . . . . . Corruption Purged . | . . . . . Corruption Blocked . | . . . . . Overload Shots . | . . . . . Overflow Damage . | . . . . . Projectiles . | . . . . . Explosions . | . . . . . Melee . | . . . . . Knockbacks . | . . . . . Impact . | . . . . . Kinetic . | . . . . . Secondary . | . . . . . Self-Inflicted Damage 6 | . . . . 6 Shots . | . . . . . Rammed 5 | . . . . 5 Targets Rammed 6 | . . . . 6 Kicked 1 | . . . . 1 Crushed . | . . . . . Highest Temperature 81 | . 10 . . 81 Average Temperature 28 | . 7 . . 34 Received Heat Transfer 615 | . . 30 45 540 Siege Activations . | . . . . . Martial Activations . | . . . . . Shielding Activations . | . . . . . Robots Disrupted . | . . . . . Combat Hostiles . | . . . . . Robots Corrupted . | . . . . . Combat Hostiles . | . . . . . Parts Fried . | . . . . . Impact Corruptions . | . . . . . Robots Melted . | . . . . . Combat Hostiles . | . . . . . Parts Melted . | . . . . . Heat Transferred 397 | . 75 . . 322 Parts Sabotaged . | . . . . . Parts Stolen . | . . . . . Parts Stripped . | . . . . . Power Chain Reactions . | . . . . . Alert | -11 -10 -10 -8 -8 ------- Run | Yrd Mat Sub Mat Sto Maximum Alert Level . | . . . . . Low Security (%) 100 | 100 100 . 100 100 Level 1 . | . . . . . Level 2 . | . . . . . Level 3 . | . . . . . Level 4 . | . . . . . Level 5 . | . . . . . High Security . | . . . . . Max Security . | . . . . . Peak Influence 76 | . 76 . . 63 Initial . | . . . . . Average 12 | . 33 . . 4 Influence Increases 205 | . 106 . . 99 Destroy 0b10 Robot/C 80 | . 60 . . 20 Destroy Leader 10 | . 10 . . . Successful Hack 25 | . 6 . . 19 Lose Combat Pursuer 90 | . 30 . . 60 Influence Decreases 152 | . 50 56 . 46 Entered New Map 32 | . . 32 . . Time Decay 104 | . 50 24 . 30 Lost Part 16 | . . . . 16 Squads Dispatched 4 | . . . . 4 Investigation 2 | . . . . 2 Extermination . | . . . . . Reinforcement 2 | . . . . 2 Assault . | . . . . . Garrison . | . . . . . Intercept . | . . . . . Searches Triggered . | . . . . . Construction Impeded . | . . . . . Haulers Reinforced . | . . . . . Active Scanning Responses . | . . . . . Cargo Convoy Interrupts . | . . . . . Stealth | -11 -10 -10 -8 -8 --------- Run | Yrd Mat Sub Mat Sto Distress Signals . | . . . . . Communications Jammed . | . . . . . Distress Signals . | . . . . . Times Spotted 30 | . 5 2 7 16 Peak Tracking Total 9 | . 3 2 7 9 Tactical Retreats 3 | . 1 . . 2 Traps | -11 -10 -10 -8 -8 ------- Run | Yrd Mat Sub Mat Sto Traps Triggered 1 | . . . . 1 Indirectly . | . . . . . Trap Hack Attempts . | . . . . . Triggered . | . . . . . Disarmed . | . . . . . Reprogrammed . | . . . . . Reused . | . . . . . Traps Extracted . | . . . . . Installed . | . . . . . Triggered . | . . . . . Machines | -11 -10 -10 -8 -8 ---------- Run | Yrd Mat Sub Mat Sto Machines Disabled . | . . . . . Max in Single Turn . | . . . . . Machines Repaired . | . . . . . Machines Dismantled . | . . . . . Machines Sabotaged . | . . . . . Overloaded Fab Kills . | . . . . . Hacking | -11 -10 -10 -8 -8 --------- Run | Yrd Mat Sub Mat Sto Machines Accessed 11 | . 4 . 2 5 Terminals 11 | . 4 . 2 5 Fabricators . | . . . . . Repair Stations . | . . . . . Recycling Units . | . . . . . Scanalyzers . | . . . . . Garrison Access . | . . . . . Total Hacks 16 | . 5 . 2 9 Successful 11 | . 4 . 1 6 Failed 5 | . 1 . 1 3 Catastrophic 2 | . . . 1 1 Database Lockouts . | . . . . . Manual 1 | . . . . 1 Terminals 16 | . 5 . 2 9 Fabricators . | . . . . . Repair Stations . | . . . . . Recycling Units . | . . . . . Scanalyzers . | . . . . . Garrison Access . | . . . . . Terminal Hacks 11 | . 4 . 1 6 Record 2 | . 2 . . . Part Schematic 1 | . . . . 1 Open Door 1 | . . . . 1 Branch Access Points 2 | . 1 . 1 . Terminal Index 1 | . 1 . . . Extermination Status 1 | . . . . 1 Reinforcement Status 1 | . . . . 1 Recall Extermination 2 | . . . . 2 Fabricator Hacks . | . . . . . Repair Station Hacks . | . . . . . Recycling Unit Hacks . | . . . . . Scanalyzer . | . . . . . Garrison Access Hacks . | . . . . . Unauthorized Hacks . | . . . . . Terminals . | . . . . . Fabricators . | . . . . . Repair Stations . | . . . . . Recycling Units . | . . . . . Scanalyzers . | . . . . . Garrison Access . | . . . . . Data Cores Recovered . | . . . . . Used . | . . . . . Hacking Detections 6 | . 1 . 2 3 Full Trace Events 2 | . . . . 2 Feedback Events . | . . . . . Feedback Blocked . | . . . . . Robot Schematics Acquired . | . . . . . Robots Built . | . . . . . Authchips . | . . . . . Time . | . . . . . Total Robot Build Rating . | . . . . . Part Schematics Acquired 1 | . . . . 1 Parts Built . | . . . . . Authchips . | . . . . . Time . | . . . . . Total Part Build Rating . | . . . . . Part Studies Acquired . | . . . . . Parts Repaired . | . . . . . Time . | . . . . . Parts Recycled . | . . . . . Recycled Matter . | . . . . . Retrieved Matter . | . . . . . Retrieved Components . | . . . . . Parts Scanalyzed . | . . . . . Part Schematics Acquired . | . . . . . Parts Damaged . | . . . . . Bothacking | -11 -10 -10 -8 -8 ------------ Run | Yrd Mat Sub Mat Sto Used RIF Installer . | . . . . . Robots Hacked . | . . . . . Non-combat . | . . . . . Combat . | . . . . . Robot Hacks Applied . | . . . . . Relay Couplers Released . | . . . . . Fabnet Peak Effective % . | . . . . . Robots Rewired . | . . . . . Allies Hacked . | . . . . . Hacks Repelled . | . . . . . Allies | -11 -10 -10 -8 -8 -------- Run | Yrd Mat Sub Mat Sto Total Allies . | . . . . . Largest Group . | . . . . . Highest-Rated Group . | . . . . . Highest-Rated Ally . | . . . . . Total Orders . | . . . . . Ally Attacks . | . . . . . Total Damage . | . . . . . Kills . | . . . . . Allies Corrupted . | . . . . . Allies Melted . | . . . . . Intel | -11 -10 -10 -8 -8 ------- Run | Yrd Mat Sub Mat Sto Active Infowar (turns) . | . . . . . Robot Analysis Total . | . . . . . Derelict Logs Recovered . | . . . . . Drone Launches 2 | . . . . 2 Drone Recoveries 1 | . . . . 1 Exploration | -11 -10 -10 -8 -8 ------------- Run | Yrd Mat Sub Mat Sto Turns Passed 639 | 18 167 66 86 302 Spaces Moved 971 | 23 267 176 183 322 Core 228 | 23 5 . . 200 Treads . | . . . . . Legs 18 | . . . . 18 Wheels 157 | . 53 . . 104 Hover . | . . . . . Flight 568 | . 209 176 183 . Fastest Speed 37 | 50 37 37 37 50 Average Speed 55 | 50 52 37 43 75 Slowest Speed 350 | 50 115 37 120 350 Overloaded Moves . | . . . . . Propulsion Burnouts . | . . . . . Robots Hopped 5 | . 1 2 2 . Potential Cave-ins . | . . . . . Cave-ins Triggered . | . . . . . Exploration Rate (%) 24 | 3 31 10 21 56 Regions Visited 4 Branch Regions 2 Pre-discovered Areas . | . . . . . Known Exits Taken 1 | . . . 1 . Unknown Exits Taken 3 | 1 1 1 . . Scrap Searched . | . . . . . Spaces Dug . | . . . . . Terrain Destroyed . | . . . . . Melee . | . . . . . Projectile . | . . . . . AOE . | . . . . . Terrain Rammed . | . . . . . Walls Destroyed . | . . . . . Machines Disabled . | . . . . . Actions | -11 -10 -10 -8 -8 --------- Run | Yrd Mat Sub Mat Sto Total 1046 | 29 285 174 187 371 Wait 15 | . 2 1 . 12 Move 957 | 22 264 171 178 322 Hop 5 | . 1 2 2 . Pick Up 18 | 6 5 . . 7 Fast Attach 6 | . 1 . 2 3 Attach 14 | . 6 . . 8 Detach 4 | . 1 . 1 2 Swap 4 | . 2 . 2 . Drop 4 | 1 . . 2 1 Fire 13 | . 3 . . 10 Melee . | . . . . . Ram 5 | . . . . 5 Kick 1 | . . . . 1 Crush . | . . . . . Escape Stasis . | . . . . . Rewire . | . . . . . Trap . | . . . . . Miscellaneous . | . . . . . Route ------- -11/Scrapyard -10/Materials (discovered 2 exits: *Min / [*Sub]) -10/Subcaves -8/Materials (discovered 2 exits: *Sto x2) -8/Storage History --------- Turn | Location | Event 10 | -11/Scrapyard | Discovered new exit (range 15) 19 | -11/Scrapyard | Entered Materials 81 | -10/Materials | Discovered new exit (range 13) 148 | -10/Materials | Identified exit to Mines 182 | -10/Materials | Discovered new exit (range 8) 186 | -10/Materials | Entered Subcaves 193 | -10/Subcaves | Shifting Twisted Machinery released Battle Rifle 248 | -10/Subcaves | Discovered new exit (range 12) 252 | -10/Subcaves | Entered Materials 252 | -8/Materials | Evolved 4 slots: Propulsion x1, Utility x3 263 | -8/Materials | Identified exit to Storage 318 | -8/Materials | Build established: Mutant 338 | -8/Materials | Entered Storage 491 | -8/Storage | Lost 5 parts (1p2n2w) 536 | -8/Storage | Core integrity fell below 50% 557 | -8/Storage | Core integrity fell below 20% 608 | -8/Storage | Lost 6 parts (1p1n2u2w) 640 | -8/Storage | Destroyed by Y-45 Defender with Beam Rifle Last Messages --------------- >>Enumerate(Exterminations) Retrieving latest reported positions... No active extermination squads found. >>Recall(Extermination) Establishing remote squad link... No tasked extermination squads found. >>Enumerate(Reinforcements) Retrieving latest reported positions... Found 2 active reinforcement squads. Downloaded coordinate data. 00617_ ALERT: Suspicious activity at Terminal S004. Dispatching Investigation squad. 00618_ Connecting with Terminal... >>Recall(Extermination) Establishing remote squad link... No tasked extermination squads found. 00618_ ALERT: Suspicious activity at Terminal S015. Dispatching Investigation squad. 00633_ Connecting with Door Terminal... 00638_ K-01 Serf collects debris. Map ----- +----------------------------------------------------+ | | | | | | | | | | | | | | | | | | | | | | | | | | | | | | | | | | | | | | | | | ?????????????????????????????? | | ?????????????????????????????? | | ??##?????????????????????????? | | ?##Y###??????????????????????? | | # !!= #??????????????????????? | | # !==@######?????????????????? | | # != + +?????????????????? | | # # ##?????????????????? | | # # #??????????????????? | | # + #??????????????????? | | # # #??????????????????? | | ####### #?????????#????????? | | ??????# #?""""??? +????????? | | ??????# ### #??? #????????? | | ??????# ##T #??? #????????? | | ??????# ### #??? #????????? | | ??????# #??? #????????? | | ??????# #??? #????????? | | ??????# #??? #????????? | | ??????# #### #????????? | | ??????# ########## | | ??????+ | | ??????# | | ??????## ### ##/########### | | ???????#+??##+### #??# | | ????????????????# """" #??# | | ????????????????# "????? #?## | | ????????????????# "????? ### | | ????????????????# ""???? #"" | | ????????????????# ""??? #"T | +----------------------------------------------------+ Best States ------------- Heat Dissipation 31 Energy Generation 16 Energy Capacity 440 Matter Stores 140 Matter Capacity 500 Sight Range 16 Terrain Scan Density 10 Resistance: KI 20 Resistance: TH 20 Resistance: EX 20 Resistance: EM 20 Resistance: I 20 Resistance: S 20 Resistance: P 20 Evasion (%) 70 Targeting Accuracy 8 Offensive Hacking 20 Item Schematics ----------------- Weapon Cycler | -8/Storage | Hacked Robot Schematics ------------------ None Fabricated ------------ Nothing Repaired ---------- Nothing Studied --------- None Alien Tech Used ----------------- None Achievements -------------- None Challenges ------------ None Game ------ Seed HeatSpectralCoupler Manual? 0 Play Time 00:26:48 Cumulative 18.7 hours Start 2026.08.05 @ 00:33:13 End 2026.08.05 @ 01:23:06 Sessions 1 Manual Loads 0 Difficulty Adventurer Special Mode None Game No. 11 Rogue 0 Adventurer 11 Explorer 0 Win Type - Total 0 Types 0/0/0/0/0/0/0/0/0/0 Lore% 12 Gallery% 17 Achievement% 15 Wizard Run 0 Options --------- Layout 1 ASCII 0 Keyboard 0 Movement Numpad Keybinds 0 Fullscreen 1 Font 48/Smallcaps Map View 50x35 Zoom Use 0% Tactical HUD 1 Map Filters NONE Filters NONE Steam 1 RUN: 342391c6-b5ba-49bd-8cad-81fdb1da3b04